 Dungeon Crawl Stone Soup version 0.29.1-12-g30fa7ad0bf (webtiles) character file.

Game seed: 18335085097310151982

1858 GeoRichter the Basher (level 9, -1/59 HPs)
             Began as a Gargoyle Fighter on Dec 30, 2022.
             Was a Follower of the Shining One.
             Slain by an orc warrior
             ... wielding a +2 battleaxe of freezing
              (3 damage)
             ... on level 6 of the Dungeon.
             The game lasted 00:08:54 (5758 turns).

GeoRichter the Basher (Gargoyle Fighter)            Turns: 5758, Time: 00:08:55

Health: -1/59      AC: 24    Str: 24    XL:     9   Next: 13%
Magic:  9/9        EV:  7    Int:  9    God:    the Shining One [*.....]
Gold:   293        SH:  5    Dex: 15    Spells: 8/8 levels left

rFire   . . .      SeeInvis .   G - +2 flail (protect)
rCold   . . .      Faith    .   c - +0 buckler
rNeg    + . .      Spirit   .   o - +0 chain mail
rPois   ∞          Reflect  .   D - +0 helmet
rElec   +          Harm     .   a - +0 cloak
rCorr   .          Rampage  .   (no gloves)
Will    .....                   (no boots)
Stlth   ..........              (no amulet)
HPRegen 0.19/turn               t - +6 ring of dexterity
MPRegen 0.11/turn               (no ring)

@: brilliant, under a protective aura, flying, glowing
A: sickness immunity, AC +6, negative energy resistance 1, electricity
resistance, torment resistance 1, petrification resistance, big wings, wild
magic 1, devolution 1
a: Renounce Religion, Divine Shield


You were on level 6 of the Dungeon.
You worshipped the Shining One.
The Shining One was aware of your devotion.
You visited 2 branches of the dungeon, and saw 7 of its levels.
You also visited: Sewer.

You collected 293 gold pieces.

Inventory:

Hand Weapons
 d - a +2 morningstar
   (You took it off a wight on level 6 of the Dungeon)
 G - a +2 flail of protection (weapon)
   (You took it off Edmund on level 5 of the Dungeon)
Missiles
 m - 2 javelins (quivered)
 B - 6 silver javelins
Armour
 a - a +0 cloak (worn)
   (You took it off Crazy Yiuf on level 5 of the Dungeon)
 b - a +0 scale mail
 c - a +0 buckler (worn)
 o - a +0 chain mail (worn)
   (You found it on level 2 of the Dungeon)
 s - the +0 robe "Hauthi" {rF+ Str+4}
   (You found it on level 3 of the Dungeon)

   Str:       It affects your strength (+4).
   rF:        It protects you from fire.
 D - a +0 helmet (worn)
   (You found it on level 4 of the Dungeon)
Jewellery
 t - a +6 ring of dexterity (left hand)
   (You found it in a sewer)
Wands
 q - a wand of paralysis (13)
   (You found it on level 3 of the Dungeon)
 v - a wand of flame (12)
   (You found it in a sewer)
 F - a wand of roots (4)
   (You took it off Edmund on level 5 of the Dungeon)
Scrolls
 f - 2 scrolls of magic mapping {unknown}
 g - 4 scrolls of poison {unknown}
 h - a scroll of blinking {unknown}
 j - 6 scrolls of identify {unknown}
 r - a scroll of vulnerability {unknown}
 u - 4 scrolls of teleportation {unknown}
 y - 2 scrolls of amnesia {unknown}
 A - a scroll of immolation {unknown}
 E - 2 scrolls of enchant armour {unknown}
Potions
 e - a potion of cancellation {unknown}
 i - a potion of magic {unknown}
 k - 2 potions of mutation {!q}
 l - a potion of heal wounds {unknown}
 n - 2 potions of curing {@q1}
 p - 2 potions of lignification {unknown}
 w - a potion of invisibility {unknown}
 x - 2 potions of brilliance
 z - a potion of berserk rage {unknown}
 C - a potion of flight {unknown}


   Skills:
 + Level 8.0 Fighting
 * Level 9.7 Maces & Flails
 - Level 3.2 Armour
 - Level 3.2 Shields


You had 8 spell levels left.
You didn't know any spells.
Your spell library contained the following spells:

 Spells                   Type           Power      Damage    Failure   Level
 Apportation              Tloc           0%         N/A       99%         1
 Beastly Appendage        Tmut           0%         N/A       99%         1
 Necrotise                Necr           0%         1d4       99%         1
 Summon Small Mammal      Summ           0%         N/A       99%         1
 Ensorcelled Hibernation  Hex/Ice        0%         N/A       100%        2
 Wereblood                Tmut           0%         N/A       100%        2
 Gell's Gravitas          Tloc           0%         N/A       100%        3
 Portal Projectile        Hex/Tloc       0%         N/A       100%        3
 Spider Form              Tmut/Pois      0%         N/A       100%        3
 Teleport Other           Tloc           0%         N/A       100%        3
 Tukima's Dance           Hex            0%         N/A       100%        3
 Anguish                  Hex/Necr       0%         N/A       100%        4
 Blade Hands              Tmut           0%         N/A       100%        5
 Dispersal                Tloc           0%         N/A       100%        6


Dungeon Overview and Level Annotations

Branches:
Dungeon (6/15) Zot: 26401  Temple (1/1) D:5 Zot: 5956   Sewer (visited)

Altars:
Ashenzari
Cheibriados
Dithmenos
Elyvilon
Fedhas
Gozag
Hepliaklqana
Kikubaaqudgha
Makhleb
Nemelex Xobeh
Okawaru
Qazlal
Ru
Sif Muna
Trog
Uskayaw
Vehumet
Wu Jian
Xom
Yredelemnul
Zin
The Shining One


Innate Abilities, Weirdness & Mutations

You are immune to sickness and miasma.
Your stone body is resilient. (AC +6)
You are immune to poison.
You resist negative energy. (rN+)
You are resistant to electric shocks. (rElec)
You are resistant to unholy torment.
You are immune to petrification.
Your large and strong wings let you fly.
Your spells are a little harder to cast, but a little more powerful.
You have hidden genetic defects.


Message History

The hound closely misses you.
You hit the hound. The orc warrior barely misses you.
The hound barely misses you.
You sock the hound!
You kill the hound!
The orc warrior hits you with a +2 battleaxe of freezing!
The orc warrior freezes you. The orc hits you but does no damage.
Your Fighting skill increases to level 8!
You closely miss the orc wizard.
The orc warrior hits you but does no damage.
You block the orc's attack. You block the orc wizard's attack.
You sock the orc wizard! The orc warrior barely misses you.
The orc hits you but does no damage.
The orc wizard hits you but does no damage.
You hit the orc wizard.
You kill the orc wizard!
Reactivating autopickup.
The orc warrior hits you with a +2 battleaxe of freezing.
The orc warrior freezes you. You block the orc's attack.
You barely miss the orc warrior.
The orc warrior hits you with a +2 battleaxe of freezing.
The orc warrior freezes you. The orc hits you but does no damage.
You hit the orc warrior.
The orc warrior hits you with a +2 battleaxe of freezing.
The orc warrior freezes you. The orc hits you but does no damage.
You hit the orc warrior but do no damage.
The orc warrior hits you but does no damage.
The orc hits you with a +0 war axe.
You hit the orc warrior but do no damage.
The orc warrior hits you with a +2 battleaxe of freezing!
* * * LOW HITPOINT WARNING * * *
The orc warrior freezes you.
* * * LOW HITPOINT WARNING * * *
The orc barely misses you.
Okay, then.
It was a potion of brilliance.
You feel clever all of a sudden. You block the orc warrior's attack.
The orc barely misses you. The white imp gestures at you.
The puff of frost hits you but does no damage.
It was a potion of mutation.
You feel extremely strange.
You feel a hidden malignance growing inside you.
Your wings grow larger and stronger.
You feel less in control of your magic.
The orc warrior hits you but does no damage.
The orc hits you but does no damage. You block the white imp's attack.
It was a potion of curing.
You feel better.
The orc warrior hits you with a +2 battleaxe of freezing!
* * * LOW HITPOINT WARNING * * *
The orc warrior freezes you.
You die...

..........# ..
........#.###..
............5.#
..............#
..........o....
...#
...............
....'
..............#
....#
.......5####### ..
.......o@.#########
########o.........#
#..........#
#..........#
#..........#
#..........#
#..........#
#..........#
#######..###


You could see an orc warrior, a white imp and an orc.

Vanquished Creatures
  2 water moccasins (D:5)
  Edmund (D:5)
  Pargi (Sewer)
  2 ice beasts
  2 centaurs
  A phantom (D:4)
  A bullfrog (D:6)
  2 scorpions
  4 necrophages
  3 wights (D:6)
  A howler monkey (D:6)
  2 hounds
  A jelly (D:5)
  An orc priest (D:6)
  Crazy Yiuf (D:5)
  An orc wizard (D:6)
  Terence (D:3)
  An iguana (D:4)
  6 adders
  A shadow imp (D:6)
  3 white imps
  4 worms
  2 dart slugs (D:1)
  7 orcs
  7 endoplasms
  6 giant cockroaches
  6 goblins
  11 hobgoblins
  5 jackals
  4 quokkas
  5 ball pythons
  4 bats
  4 frilled lizards
  10 kobolds
  5 rats
118 creatures vanquished.

Notes
Turn   | Place    | Note
-------+----------+-------------------------------------------
     0 | D:1      | GeoRichter the Gargoyle Fighter began the quest for the
                  | Orb.
     0 | D:1      | Reached XP level 1. HP: 14/14 MP: 1/1
    48 | D:1      | Reached XP level 2. HP: 16/19 MP: 2/2
   432 | D:1      | Reached skill level 3 in Maces & Flails
   451 | D:1      | Reached XP level 3. HP: 21/24 MP: 3/3
  1006 | D:1      | Found a faded altar of an unknown god.
  1546 | D:2      | Reached XP level 4. HP: 27/29 MP: 4/4
  1886 | D:3      | Noticed a centaur
  1895 | D:3      | Noticed Terence
  1897 | D:3      | Killed a centaur
  1898 | D:3      | Reached skill level 4 in Maces & Flails
  1898 | D:3      | Reached XP level 5. HP: 21/34 MP: 5/5
  1928 | D:3      | Killed Terence
  2103 | D:3      | Found a white marble altar of Elyvilon.
  2112 | D:3      | Became a worshipper of Elyvilon the Healer
  2193 | D:3      | Found a basalt altar of Yredelemnul.
  2295 | D:3      | Found a glowing drain.
  2299 | D:3      | Identified the +0 robe "Hauthi" {rF+ Str+4}
  2346 | D:3      | Reached skill level 5 in Maces & Flails
  2356 | Sewer    | Entered a sewer
  2466 | Sewer    | Noticed Pargi
  2475 | Sewer    | Killed Pargi
  2476 | Sewer    | Reached skill level 5 in Fighting
  2476 | Sewer    | Reached XP level 6. HP: 30/40 MP: 6/6
  3150 | D:4      | Reached * piety under Elyvilon
  3260 | D:4      | Reached skill level 6 in Maces & Flails
  3260 | D:4      | Reached XP level 7. HP: 37/44 MP: 7/7
  3363 | D:4      | Found a shimmering blue altar of Sif Muna.
  3697 | D:4      | Found an opulent altar of Gozag.
  3697 | D:4      | Found a glowing silver altar of Zin.
  3725 | D:5      | Entered Level 5 of the Dungeon
  3748 | D:5      | Reached skill level 7 in Maces & Flails
  3958 | D:5      | Found a runed translucent door.
  3959 | D:5      | Noticed Crazy Yiuf
  4151 | D:5      | Reached XP level 8. HP: 24/52 MP: 8/8
  4527 | D:5      | Found a staircase to the Ecumenical Temple.
  4583 | D:5      | Reached ** piety under Elyvilon
  4600 | Temple   | Entered the Ecumenical Temple
  4786 | D:5      | Noticed Edmund
  4798 | D:5      | Reached skill level 8 in Maces & Flails
  4809 | D:5      | Killed Edmund
  5107 | D:5      | Killed Crazy Yiuf
  5159 | D:6      | Found a shimmering altar of Xom.
  5161 | D:6      | Found a shadowy altar of Dithmenos.
  5163 | D:6      | Found a glowing golden altar of the Shining One.
  5163 | D:6      | Found an iron altar of Okawaru.
  5164 | D:6      | Found a stormy altar of Qazlal.
  5164 | D:6      | Found a sparkling altar of Nemelex Xobeh.
  5243 | D:6      | Reached skill level 9 in Maces & Flails
  5498 | D:6      | Reached XP level 9. HP: 50/59 MP: 9/9
  5620 | D:6      | Fell from the grace of Elyvilon
  5620 | D:6      | Became a worshipper of the Shining One
  5620 | D:6      | Reached * piety under the Shining One
  5757 | D:6      | Gained mutation: You have hidden genetic defects. [potion
                  | of mutation]
  5757 | D:6      | Gained mutation: Your large and strong wings let you fly.
                  | [potion of mutation]
  5757 | D:6      | Gained mutation: Your spells are a little harder to cast,
                  | but a little more powerful. [potion of mutation]
  5758 | D:6      | HP: 2/59 [orc warrior/+2 battleaxe of freezing (16)]
  5758 | D:6      | Slain by an orc warrior

Illustrated notes

Levels and vault maps discovered:
D:1:      dpeg_arrival_simpleton_b, layout_basic,
          dreamdust_ecumenical_altar_statues, nrook_mini_vaults
D:2:      layout_rooms, chequers_garden
D:3:      layout_basic, kennysheep_ying_yang, gup_sewer_entry_glass,
          minmay_strange_pillars, uniq_terence
D:4:      layout_rooms, grunt_temple_overflow_gold_and_silver,
          mainiacjoe_overflow_catwalk
D:5:      layout_loops_ring, minmay_temple_entry_drinking_statues,
          uniq_crazy_yiuf_cottage, uniq_edmund
D:6:      layout_basic, grunt_temple_overflow_open
Temple:   nicolae_temple_ecumenical_triangle

Skill      XL: |  1  2  3  4  5  6  7  8  9 |
---------------+----------------------------+-----
Maces & Flails | 3 4 5 6 7 9 |  9.7
Fighting       | 4 5 6 7 8 |  8.0
Armour         | |  3.2
Shields        | |  3.2

Action                   |  1- 3 |  4- 6 |  7- 9 || total
-------------------------+-------+-------+-------++-------
Melee: Flail             |   114 |   161 |   190 ||   465
Throw: Javelin           |       |     1 |       ||     1
Evoke: Wand              |       |       |     4 ||     4
  Use: Potion            |       |     1 |     4 ||     5
 Stab: Paralysed         |       |       |     6 ||     6
Armor: Scale mail        |    55 |       |       ||    55
       Chain mail        |     5 |   116 |    99 ||   220
Dodge: Dodged            |    45 |    72 |    56 ||   173
Block: Buckler           |    25 |    39 |    39 ||   103
